Map: Orbital Shipyard

Players

Grumm

  • Race: Protoss Protoss
  • League: Gold

Luis - Winner!

  • Race: Zerg Zerg

VOD

Have the link to the VOD?

Description

Time

  • Played on: Jan. 6, 2016, 4:55 p.m.
  • Length: 17:53
Show
View Real Time Build Order
Export as new Build Order

Grumm Protoss 

Build Orders: Nexus First, Zealot Archon 

Get SALT Encoding   

  12  0:35  Nexus  
  12  0:40  Probe (Chrono Boost)  
  13  0:52  Probe (Chrono Boost)  
  13  0:53  Pylon  
  14  1:03  Probe (Chrono Boost)  
  15  1:14  Gateway  
  15  1:15  Probe (Chrono Boost)  
  16  1:25  Probe (Chrono Boost)  
  17  1:32  Gateway  
  17  1:36  Probe (Chrono Boost)  
  18  1:43  Assimilator  
  18  1:52  Probe x2 (Chrono Boost)  
  20  2:01  Zealot  
  22  2:15  Cybernetics Core  
  22  2:17  Pylon  
  22  2:21  Zealot  
  24  2:24  Probe (Chrono Boost)  
  24  2:26  Probe (Chrono Boost)  
  26  2:33  Assimilator  
  26  2:34  Probe (Chrono Boost)  
  27  2:41  Probe (Chrono Boost)  
  27  2:44  Pylon  
  27  2:49  Assimilator  
  27  2:50  Probe (Chrono Boost)  
  28  2:58  Probe (Chrono Boost)  
  29  3:00  Probe (Chrono Boost)  
  29  3:02  Warp Gate (Chrono Boost)  
  30  3:07  Probe  
  30  3:12  Probe  
  32  3:18  Pylon, Probe  
  33  3:22  Twilight Council  
  33  3:29  Adept  
  33  3:30  Adept  
  37  3:36  Probe  
  38  3:42  Probe  
  38  3:45  Assimilator  
  38  3:47  Probe  
  39  3:54  Probe  
  41  3:57  Probe  
  41  4:00  Dark Shrine  
  42  4:06  Probe  
  42  4:08  Probe  
  44  4:18  Probe x2  
  44  4:19  Gateway  
  44  4:23  Gateway  
  46  4:25  Pylon  
  46  4:29  Probe  
  46  4:30  Probe  
  52  4:39  Probe  
  52  4:42  Probe  
  50  4:53  Charge  
  50  5:00  Forge  
  50  5:01  Probe  
  50  5:02  Pylon, Probe  
  52  5:07  Stalker x2  
  52  5:12  Probe  
  56  5:14  Probe  
  58  5:21  Forge  
  58  5:25  Robotics Facility  
  58  5:29  Pylon  
  58  5:30  Probe  
  58  5:32  Pylon, Probe  
  58  5:34  Protoss Ground Weapons Level 1 (Chrono Boost)  
  60  5:37  Dark Templar  
  62  5:48  Dark Templar  
  64  5:53  Dark Templar  
  64  5:56  Dark Templar  
  68  6:05  Protoss Ground Armor Level 1 (Chrono Boost)  
  68  6:32  Nexus  
  68  6:36  Pylon  
  68  6:37  Dark Templar x4  
  76  6:42  Pylon  
  76  6:56  Archon  
  76  6:57  Archon  
  76  6:59  Probe  
  77  7:05  Photon Cannon  
  77  7:07  Photon Cannon  
  75  7:13  Dark Templar x3  
  66  7:27  Zealot  
  60  7:31  Probe x2  
  60  7:42  Stalker  
  62  7:45  Stalker  
  64  7:52  Pylon  
  64  7:54  Gateway  
  64  8:02  Gateway  
  64  8:05  Mothership Core  
  64  8:06  Pylon  
  64  8:09  Dark Templar x3  
  72  8:17  Photon Cannon  
  72  8:19  Probe  
  73  8:22  Probe, Photon Cannon  
  73  8:24  Probe  
  73  8:25  Pylon  
  75  8:31  Archon x3, Probe  
  76  8:41  Warp Prism  
  76  8:44  Protoss Ground Weapons Level 2, Protoss Ground Armor Level 2  
  78  8:52  Zealot  
  78  8:53  Zealot x3  
  86  8:56  Gateway  
  86  9:02  Gateway  
  86  9:03  Photon Cannon  
  86  9:08  Assimilator, Probe  
  86  9:09  Probe x2  
  89  9:14  Assimilator  
  89  9:19  Stalker x3  
  89  9:20  Stalker  
  89  9:21  Dark Templar x2  
  101  9:37  Observer  
  96  10:01  Zealot  
  96  10:02  Zealot x5  
  88  10:24  Dark Templar x2  
  88  10:25  Dark Templar x3  
  76  10:55  Dark Templar x2  
  72  10:57  Dark Templar  
  72  10:59  Zealot x3  
  72  11:01  Archon  
  76  11:15  Photon Cannon  
  76  11:18  Pylon  
  76  11:21  Photon Cannon  
  76  11:23  Probe  
  76  11:24  Probe x2  
  79  11:31  Zealot  
  79  11:32  Zealot  
  83  11:33  Zealot x5  
  83  11:34  Zealot  
  95  11:40  Protoss Shields Level 1, Protoss Ground Weapons Level 3  
  95  11:43  Immortal  
  99  11:53  Stargate  
  99  11:57  Gateway  
  99  11:59  Stalker  
  99  12:00  Stalker x4  
  109  12:01  Zealot  
  109  12:02  Zealot x2  
  109  12:06  Pylon  
  115  12:24  Zealot x4  
  123  12:36  Void Ray  
  119  12:46  Stalker x2  
  119  12:47  Stalker x6  
  135  12:55  Probe  
  135  12:56  Probe  
  137  13:07  Dark Templar x3  
  143  13:13  Archon  
  143  13:14  Archon  
  143  13:16  Zealot x2  
  143  13:17  Zealot x3  
  143  13:18  Zealot  
  155  13:23  Pylon  
  155  13:35  Pylon  
  155  13:36  Immortal  
  159  14:08  Void Ray  
  163  14:11  Protoss Shields Level 2  
  163  14:15  Immortal  
  167  14:17  Protoss Ground Armor Level 3  
  163  14:27  Dark Templar  
  163  14:28  Dark Templar  
  163  14:29  Dark Templar x2  
  163  14:30  Dark Templar  
  137  14:35  Assimilator  
  137  14:37  Nexus  
  113  14:41  Assimilator  
  91  14:51  Dark Templar x3  
  87  15:03  Archon  
  87  15:05  Zealot  
  89  15:12  Zealot x2, Dark Templar  
  89  15:13  Dark Templar, Zealot  
  97  15:29  Stalker x4  
  97  15:33  Zealot x2  
  97  15:34  Zealot  
  109  15:36  Void Ray (Chrono Boost)  
  107  15:45  Immortal (Chrono Boost)  
  111  15:57  Dark Templar  
  100  16:27  Dark Templar x2  
  85  16:39  Dark Templar  
  87  16:40  Zealot  
  87  16:41  Zealot x3  
  85  17:16  Nexus  
  85  17:25  Archon  
  85  17:26  Archon  
  85  17:36  Pylon  
  83  17:37  Stalker  
  83  17:38  Stalker  
Show
View Real Time Build Order
Export as new Build Order

Luis Zerg - Winner!

Build Orders: Hatch First, Lurkers 

Get SALT Encoding   

  12  0:01  Drone  
  13  0:12  Overlord  
  13  0:17  Drone  
  14  0:31  Drone x2  
  16  0:36  Drone  
  17  0:55  Hatchery  
  16  1:02  Extractor  
  16  1:03  Overlord  
  15  1:05  Drone  
  15  1:10  Drone  
  17  1:23  Spawning Pool  
  16  1:31  Drone  
  16  1:32  Drone  
  18  1:42  Drone  
  19  1:52  Drone  
  20  2:10  Metabolic Boost  
  20  2:13  Queen x2  
  24  2:17  Drone  
  24  2:18  Zergling x2  
  26  2:32  Zergling x2  
  26  2:33  Zergling x4  
  26  2:36  Drone x2  
  31  2:49  Lair  
  31  2:53  Queen  
  33  3:00  Drone  
  33  3:01  Overlord  
  35  3:12  Drone  
  35  3:13  Drone  
  36  3:37  Drone x2, Overlord  
  36  3:41  Hatchery  
  37  3:44  Drone x2  
  37  3:48  Roach Warren  
  38  3:51  Drone x2  
  38  3:55  Drone x2  
  42  4:07  Spore Crawler  
  41  4:10  Drone x3  
  44  4:17  Spore Crawler  
  44  4:19  Drone x3  
  44  4:22  Overlord  
  46  4:26  Drone  
  47  4:34  Drone x3  
  50  4:41  Evolution Chamber  
  50  4:42  Evolution Chamber  
  48  4:46  Drone x2  
  48  4:49  Extractor  
  48  4:50  Extractor  
  48  4:59  Glial Reconstitution  
  48  5:00  Drone  
  48  5:01  Drone x2  
  51  5:13  Drone x4  
  55  5:20  Overlord  
  55  5:22  Zerg Missile Weapons Level 1  
  55  5:23  Zerg Ground Armor Level 1  
  55  5:32  Drone x6  
  55  5:35  Roach x2  
  65  5:39  Overseer  
  65  5:43  Spore Crawler  
  65  5:44  Drone x3  
  65  5:45  Roach x3  
  65  5:47  Overlord x2  
  73  5:56  Overlord x2  
  73  6:05  Zergling x2, Roach  
  73  6:06  Overlord x2, Roach  
  73  6:08  Zergling x4  
  73  6:09  Zergling x2, Roach  
  83  6:21  Hydralisk Den  
  81  6:34  Drone x4  
  81  6:35  Zergling x10, Roach x2  
  94  6:47  Hatchery  
  93  6:58  Overseer  
  88  7:14  Hatchery, Roach x3  
  88  7:15  Roach  
  70  7:49  Spine Crawler  
  70  7:50  Zerg Missile Weapons Level 2  
  70  7:51  Zerg Ground Armor Level 2, Hydralisk  
  63  7:52  Hydralisk x2  
  63  7:53  Roach x5  
  63  7:54  Overseer, Queen  
  63  7:57  Extractor  
  80  7:58  Spore Crawler  
  80  8:00  Spine Crawler  
  78  8:11  Extractor  
  77  8:15  Extractor  
  77  8:16  Queen  
  77  8:17  Hydralisk x2  
  77  8:18  Hydralisk, Roach x2  
  77  8:19  Overlord x3, Roach  
  90  8:35  Drone x4  
  90  8:36  Drone  
  90  8:38  Spore Crawler  
  94  8:48  Drone x5  
  97  8:54  Drone x2  
  97  8:55  Drone x2  
  103  9:00  Queen  
  103  9:02  Muscular Augments  
  105  9:11  Extractor  
  105  9:13  Extractor  
  105  9:15  Spine Crawler  
  105  9:16  Spore Crawler  
  101  9:22  Infestation Pit  
  100  9:24  Hydralisk x3, Roach x2  
  100  9:25  Roach x4  
  100  9:26  Zergling x4  
  120  9:37  Overlord x3, Roach  
  120  9:38  Roach x2  
  126  9:58  Hydralisk  
  126  9:59  Hydralisk x4, Roach x3  
  138  10:00  Roach x3  
  112  10:15  Roach x2  
  114  10:38  Hydralisk x2, Roach x4  
  114  10:39  Roach x3  
  127  10:53  Drone x2  
  127  10:54  Drone x3  
  127  11:03  Hive  
  124  11:04  Queen x3  
  124  11:07  Lurker Den  
  130  11:15  Drone x5  
  130  11:17  Drone x3  
  130  11:18  Drone x2  
  140  11:25  Drone x8  
  146  11:26  Drone x3  
  151  11:40  Queen x2  
  155  11:51  Overseer  
  155  11:57  Hydralisk, Roach x4  
  155  11:58  Overlord x3  
  155  11:59  Overlord x2  
  165  12:22  Spire  
  162  12:38  Hatchery  
  162  12:43  Roach x3, Viper x5  
  162  12:44  Viper  
  185  12:58  Zerg Missile Weapons Level 3  
  185  13:02  Drone x7  
  185  13:03  Drone x4  
  196  13:14  Ultralisk Cavern  
  194  13:32  Zerg Ground Armor Level 3  
  194  13:52  Lurker x6  
  200  14:02  Chitinous Plating  
  200  14:09  Hatchery  
  160  14:32  Ultralisk x3  
  160  14:34  Zergling x10  
  160  14:35  Zergling x12  
  160  14:36  Extractor  
  164  14:39  Extractor  
  164  14:41  Hydralisk x3  
  164  14:42  Hydralisk  
  161  14:57  Hydralisk x3  
  161  14:58  Hydralisk x2  
  167  15:32  Queen  
  161  15:36  Drone  
  161  15:37  Drone x4  
  161  15:39  Ultralisk x2  
  161  15:42  Mutalisk x6  
  181  15:45  Drone x3  
  192  16:03  Spine Crawler  
  173  16:20  Roach x3  
  173  16:21  Roach x7  
  173  16:25  Hydralisk x3  
  189  16:29  Extractor  
  189  16:31  Extractor  
  167  16:45  Roach x5  
  173  16:55  Mutalisk x3  
  173  16:56  Mutalisk  
  181  17:23  Overlord x3  
  181  17:25  Zergling x2  
Tags
 
Add a new tag
Caveats
  • Supply blocks, unpowered buildings, or Contaminate may cause inaccurate times.
  • Supply counts are checked every 10 seconds.